AoeStats
← Legless Sheep

Arabia

509721977Analyzed
3v3 RM · 3d ago on Sep 27, 2026· 28m 44s· 6 players
Game mode
Random Map
Map size
Normal (6 player)
Population
200
Speed
Normal
Resources
Standard
Victory
Conquest
Starting age
Dark Age
Ending age
Imperial Age
RankedLock teamsTeams togetherTeam positionsShared explorationLock speedFull tech treeHidden civsTurbo modeCheats
Victory
Defeat
🇨🇱 Maya · Chile
989
+11
🇲🇽 Hindustanis · Mexico
875
+16
🇨🇴 Franks · Colombia
826
+19
🇮🇳 Portuguese · India
893
-16
🇲🇽 Magyars · Mexico
873
-15
🇬🇧 Huns · United Kingdom
871
-15
Legless Sheep
10:54 Feudal Age
12:04 Horse Collar
12:13 Double-Bit Axe
16:26 Bloodlines
24:25 Forging
24:21 Scale Barding Armor
27:24 Castle Age
26:38 Gold Mining
26:41 Stone Mining
27:45 Light Cavalry
28:32 Husbandry
28:53 Bow Saw
29:36 Iron Casting
29:21 Chain Barding Armor
mrusuario0001
1:51 Loom
13:56 Feudal Age
16:08 Double-Bit Axe
17:50 Wheelbarrow
16:58 Horse Collar
20:39 Bloodlines
24:49 Gold Mining
24:50 Stone Mining
SjRFreestyle
5:22 Loom
11:03 Feudal Age
22:50 Castle Age
25:11 Pikeman
31:31 Imperial Age
29:27 Forging
29:17 Scale Mail Armor
NIXXT103
4:24 Loom
10:22 Feudal Age
10:49 Double-Bit Axe
14:26 Forging
20:29 Castle Age
19:14 Gold Mining
19:09 Horse Collar
20:35 Wheelbarrow
20:36 Scale Barding Armor
21:23 Bow Saw
21:21 Heavy Plow
26:07 Hand Cart
28:25 Stone Mining
oswuil123
12:29 Feudal Age
12:58 Double-Bit Axe
19:22 Castle Age
24:12 Gold Mining
24:28 Husbandry
24:37 Scale Barding Armor
28:48 Chain Barding Armor
29:25 Wheelbarrow
albert130893
2:13 Loom
10:23 Feudal Age
11:00 Double-Bit Axe
21:27 Castle Age
20:54 Stone Mining
28:27 Fletching
Connection lost

Rejoining the realm…

Still unreachable

The connection could not be restored.

Session expired

The server has moved on; the page needs a fresh start.